 Dungeon Crawl Stone Soup version 0.20-a0-792-g09bcfd3 (webtiles) character file.

124 w00t the Firebug (level 4, -1/36 HPs)
             Began as a Draconian Fire Elementalist on Mar 1, 2017.
             Killed by divine providence
             ... invoked by an orc priest
              (13 damage)
             ... on level 3 of the Dungeon.
             The game lasted 00:01:48 (2924 turns).

w00t the Firebug (Draconian Fire Elementalist)      Turns: 2924, Time: 00:01:48

Health: -1/36      AC:  6    Str: 10    XL:     4   Next: 81%
Magic:  5/7        EV: 12    Int: 16    God:
Gold:   120        SH:  0    Dex: 12    Spells: 6/7 levels left

rFire    . . .     SeeInvis .   a - +1 dagger (venom)
rCold    . . .     Gourm    .   (armour unavailable)
rNeg     . . .     Faith    .   (no shield)
rPois    .         Spirit   .   (helmet restricted)
rElec    .         Reflect  .   (no cloak)
rCorr    .         Harm     .   i - +0 pair of gloves
MR       .....                  (no boots)
Stlth    ++........             r - amulet of magic regeneration
Regen    0.2/turn               (no ring)
MPRegen  0.2/turn               (no ring)

@: no status effects
A: unfitting armour, cold-blooded, AC +5
a: no special abilities


You were on level 3 of the Dungeon.
You were not hungry.

You visited 1 branch of the dungeon, and saw 3 of its levels.

You collected 120 gold pieces.

Inventory:

Hand Weapons
 a - a +1 dagger of venom (weapon)
Missiles
 c - 2 javelins (quivered)
 g - 116 stones
Armour
 i - a +0 pair of gloves (worn)
Jewellery
 r - an amulet of magic regeneration (around neck)
Scrolls
 d - a scroll of blinking {!r}
 e - 2 scrolls of remove curse {@r2}
 f - 2 scrolls of teleportation {unknown}
 h - 2 scrolls of enchant armour {unknown}
 j - 2 scrolls of identify {unknown}
 q - a scroll of magic mapping {unknown}
Potions
 k - a potion of magic {unknown}
 l - 2 potions of degeneration {unknown}
 p - a potion of ambrosia {unknown}
 s - a potion of curing {unknown}
 t - 2 potions of brilliance {unknown}
Books
 u - a book of Flames

   Spells                             Type                      Level
   a - Flame Tongue                   Conjuration/Fire             1
   b - Throw Flame                    Conjuration/Fire             2
   c - Conjure Flame                  Conjuration/Fire             3
   d - Inner Flame                    Hexes/Fire                   3
   e - Sticky Flame                   Conjuration/Fire             4
   f - Fireball                       Conjuration/Fire             5
Comestibles
 b - 5 bread rations
 n - 3 fruits
 o - a royal jelly
 v - a meat ration


   Skills:
 + Level 1.9 Fighting
 + Level 2.1 Dodging
 - Level 1.7 Stealth
 - Level 2.0 Spellcasting
 * Level 3.1 Conjurations
 * Level 3.9 Fire Magic


You had 6 spell levels left.
You knew the following spells:

 Your Spells              Type           Power        Failure   Level  Hunger
a - Flame Tongue          Conj/Fire      ##...        6%          1    #......


Dungeon Overview and Level Annotations

Branches:
Dungeon (3/15)

Altars:
Ru


Innate Abilities, Weirdness & Mutations

Your plain brown scales are hard. (AC +5)
You cannot fit into any form of body armour.
You are cold-blooded and may be slowed by cold attacks.


Message History

The flame tongue hits the orc priest.
The orc priest is lightly wounded.
Casting: Flame Tongue
Confirm with . or Enter, or press ? or * to list all spells.
Aiming: Flame Tongue
Press: ? - help, Shift-Dir - straight line, f/p - orc priest
Aim: an orc priest, wearing a leather armour (lightly wounded)
The flame tongue hits the orc priest.
The orc priest is heavily wounded.
All of the chunks of flesh in your inventory have rotted away.
You hit the orc priest but do no damage.
The orc priest is poisoned.
The orc priest is heavily wounded.
The orc priest miscasts a cantrip.
The orc priest mumbles some strange prayers to Beogh against you.
Beogh smites you!
* * * LOW HITPOINT WARNING * * *
The orc priest mumbles some strange prayers to Beogh against you.
Beogh smites you!
You die...

######### ### #....... ..#
# # ####......# #.#.######
# #.........# #.#.##...# #
#.....o#####........# ####
#....#.oo.@..###....# #...
#.#..######....#....####.##
# #)......#..#.#...........
.................>.......
##.###.#....#.#.######....
#o# .######.#...# #.... #..
# ..###.# #.... ... .### .#
#.... ... .. # #....


You could see 2 orc priests and an orc.

Vanquished Creatures
  An orc wizard (D:2)
  5 adders
  3 worms (D:2)
  A dart slug (D:1)
  A leopard gecko (D:1)
  An orc (D:3)
  2 ball pythons (D:2)
  5 giant cockroaches
  7 hobgoblins
  A jackal (D:3)
  9 kobolds
  3 bats
  2 frilled lizards (D:2)
  A goblin (D:2)
  6 rats
48 creatures vanquished.

Notes
Turn   | Place    | Note
-------+----------+-------------------------------------------
     0 | D:1      | w00t the Draconian Fire Elementalist began the quest for the Orb.
     0 | D:1      | Reached XP level 1. HP: 14/14 MP: 3/3
   595 | D:1      | Reached XP level 2. HP: 18/22 MP: 0/5
  1249 | D:2      | Reached XP level 3. HP: 27/27 MP: 0/6
  1572 | D:2      | Reached skill level 1 in Fighting
  1730 | D:2      | Found a sacrificial altar of Ru.
  1847 | D:2      | Reached XP level 4. HP: 35/35 MP: 3/7
  2924 | D:3      | Killed from afar by an orc priest

Vault maps used:
D:1:      dpeg_arrival_rhombi
D:2:      nicolae_ru_great_annihilating_truth
D:3:      kennysheep_big_flooded_room

Skill      XL: |  1  2  3  4 |
---------------+-------------+-----
Conjurations   | 2 3 |  3.1
Fighting       | 1 |  1.9
Dodging        | 2 |  2.1
Stealth        | |  1.7
Spellcasting   | |  2.0
Fire Magic     | |  3.9

Action                   |  1- 3 |  4- 6 || total
-------------------------+-------+-------++-------
Melee: Unarmed           |    11 |       ||    11
       Short sword       |    12 |    11 ||    23
       Tailslap          |     2 |       ||     2
       Dagger            |       |     5 ||     5
Throw: Javelin           |     4 |       ||     4
       Stone             |    11 |       ||    11
 Cast: Flame Tongue      |    56 |    46 ||   102
  Use: Scroll            |       |     2 ||     2
  Eat: Chunk             |     4 |     4 ||     8
Armor: Skin              |     9 |    17 ||    26
Dodge: Dodged            |    19 |    32 ||    51
